 Dungeon Crawl Stone Soup version 0.28.0-47-ge53b351184 (webtiles) character file.

Game seed: 12981345470098280131

3805 bobregger the Fighter (level 10, -2/110 HPs)
             Began as an Ogre Berserker on Apr 30, 2022.
             Was a Believer of Trog.
             Slain by a yak (11 damage)
             ... on level 8 of the Dungeon on May 1, 2022.
             The game lasted 00:14:53 (12071 turns).

bobregger the Fighter (Ogre Berserker)             Turns: 12071, Time: 00:14:54

Health: -2/110     AC:  3    Str: 23    XL:     10   Next: 17%
Magic:  10/10      EV: 14    Int:  6    God:    Trog [**....]
Gold:   589        SH:  0    Dex: 18    Spells: 9/9 levels left

rFire   + . .      SeeInvis .   a - +0 mace
rCold   + . .      Faith    .   (no shield)
rNeg    . . .      Spirit   .   b - +0 animal skin
rPois   .          Reflect  .   (helmet restricted)
rElec   .          Harm     .   (no cloak)
rCorr   .          Rampage  .   (gloves unavailable)
Will    ++++.                   (boots unavailable)
Stlth   ++........              (no amulet)
HPRegen 1.28/turn               A - ring of protection from cold
MPRegen 0.12/turn               t - +6 ring of dexterity

@: mighty, lethally poisoned (-2 -> -2), strong-willed, regenerating
A: large, unfitting armour, tough skin 1, dopey 1, fire resistance 1,
strong-willed 1, wild magic 1
a: Renounce Religion, Berserk, Trog's Hand


You were on level 8 of the Dungeon.
You worshipped Trog.
Trog was pleased with you.
You visited 1 branch of the dungeon, and saw 8 of its levels.

You collected 589 gold pieces.

Inventory:

Hand Weapons
 a - a +0 mace (weapon)
Missiles
 v - a throwing net (quivered)
Armour
 b - a +0 animal skin (worn)
Jewellery
 j - a ring of fire
 t - a +6 ring of dexterity (right hand)
 A - a ring of protection from cold (left hand)
 B - a ring of resist corrosion
Wands
 l - a wand of paralysis (5)
 w - a wand of polymorph (14)
 x - a wand of mindburst (16)
 y - a wand of flame (19)
Scrolls
 c - 10 scrolls of identify {unknown}
 d - 3 scrolls of fog {unknown}
 e - 2 scrolls of summoning {unknown}
 g - 2 scrolls of enchant armour {unknown}
 h - 2 scrolls of amnesia {unknown}
 k - 2 scrolls of enchant weapon {unknown}
 n - 2 scrolls of immolation {unknown}
 o - 3 scrolls of teleportation {unknown}
 p - 3 scrolls of blinking {unknown}
 q - a scroll of brand weapon {unknown}
 r - a scroll of fear {unknown}
 s - a scroll of magic mapping {unknown}
 u - a scroll of noise {unknown}
 z - a scroll of torment {unknown}
Potions
 i - 2 potions of flight


   Skills:
 + Level 10.2 Fighting
 * Level 9.8 Maces & Flails
 + Level 7.1 Dodging


You had 9 spell levels left.
You didn't know any spells.
Your spell library was empty.

Dungeon Overview and Level Annotations

Branches:
Dungeon (8/15)             Temple (0/1) D:4
   Lair: D:8-11

Altars:
Elyvilon
Gozag
Qazlal
Xom

Shops:
D:3 !   D:4 (

Annotations:
D:7 3 runed translucent doors, bobregger's ghost, novice OgBe


Innate Abilities, Weirdness & Mutations

You are too large for most types of armour.
You have tough skin. (AC +1)
You are dopey. (Int -2)
Your flesh is heat resistant. (rF+)
You are strong-willed. (Will+)
Your spells are a little harder to cast, but a little more powerful.


Message History

The yak barely misses you.
You hit the yak.
You kill the yak!
Trog accepts your kill.
You closely miss the yak. The yak gores you!
You sock the yak!
The yak is heavily wounded.
You bludgeon the yak!!
You kill the yak!
Trog accepts your kill.
You hit the yak.
The yak is lightly wounded.
The yak gores you.
* * * LOW HITPOINT WARNING * * *
You sock the yak!
The yak is heavily wounded.
The yak completely misses you.
You thump the yak!
The yak is severely wounded.
The yak gores you!
* * * LOW HITPOINT WARNING * * *
You feel the effects of Trog's Hand fading.
Your skin stops crawling.
You feel less strong-willed. The killer bee stings you!
* * * LOW HITPOINT WARNING * * *
You are poisoned.
The killer bee poisons you!
You feel sick.
You feel sick. The killer bee closely misses you.
You feel sick. The killer bee barely misses you.
You feel sick. The killer bee stings you!
* * * LOW HITPOINT WARNING * * *
You are more poisoned.
The killer bee poisons you!
Your skin crawls.
You feel strong-willed.
You feel sick. The killer bee misses you.
The killer bee stings you but does no damage.
The yak gores you!
You die...

#.....# #..Y.##
#....# ##.Y## #..##
#...## ##Y...#
#.YyY.## #..@...#
#......## #......>#
#### #.......#
####...
#.......######......
#......###..........
##(.........##......
#........###.......
########## ##......


You could see 5 yaks and a killer bee.

Vanquished Creatures
  A hornet (D:7)
  Grinder (D:5)
  4 yaks (D:8)
  A steam dragon (D:6)
  2 water moccasins
  2 black bears
  2 ogres
  A sky beast (D:5)
  3 necrophages
  4 phantoms
  A centaur (D:7)
  2 kobold brigands
  2 scorpions
  A water moccasin skeleton (D:4)
  2 bullfrog zombies
  3 jellies
  An orc priest (D:7)
  3 bullfrog skeletons
  A centaur skeleton (D:6)
  A gnoll shaman (D:5)
  5 hounds
  8 iguanas
  2 orc wizards
  Robin (D:2)
  3 howler monkey skeletons
  12 adders
  5 gnolls
  2 shadow imps
  2 ufetubi
  4 worms (D:2)
  2 dart slugs
  19 orcs
  8 endoplasms
  5 giant cockroaches
  18 goblins
  12 hobgoblins
  9 jackals
  20 kobolds
  5 ball pythons
  2 bats (D:1)
  5 frilled lizards
  4 rats
191 creatures vanquished.

Vanquished Creatures (others)
  A plant (D:7)
1 creature vanquished.

Grand Total: 192 creatures vanquished

Notes
Turn   | Place    | Note
-------+----------+-------------------------------------------
     0 | D:1      | bobregger the Ogre Berserker began the quest for the Orb.
     0 | D:1      | Reached XP level 1. HP: 24/24 MP: 1/1
   133 | D:1      | Reached XP level 2. HP: 29/32 MP: 2/2
   795 | D:1      | Reached XP level 3. HP: 35/40 MP: 3/3
  1031 | D:2      | Noticed Robin
  1113 | D:1      | Reached ** piety under Trog
  1133 | D:2      | Killed Robin
  1134 | D:2      | Reached XP level 4. HP: 25/49 MP: 4/4
  2479 | D:2      | Reached skill level 5 in Fighting
  2479 | D:2      | Reached XP level 5. HP: 38/57 MP: 5/5
  3482 | D:3      | Found Fisore's Distillery.
  3626 | D:3      | You fall into a shaft and drop 2 floors!
  3626 | D:5      | Entered Level 5 of the Dungeon
  3657 | D:5      | Noticed a sky beast
  3662 | D:5      | Killed a sky beast
  3663 | D:5      | Reached XP level 6. HP: 67/67 MP: 6/6
  3729 | D:5      | Reached skill level 5 in Maces & Flails
  3978 | D:4      | Found a staircase to the Ecumenical Temple.
  4349 | D:4      | Reached skill level 6 in Fighting
  4358 | D:4      | Reached XP level 7. HP: 46/75 MP: 7/7
  5216 | D:4      | Found a shimmering altar of Xom.
  5565 | D:4      | Found a stormy altar of Qazlal.
  5583 | D:4      | Found Ritah's Weapon Shoppe.
  6029 | D:5      | Noticed Grinder
  6052 | D:5      | Gained mutation: You have a pair of small horns on your
                  | head. [potion of mutation]
  6052 | D:5      | Gained mutation: You are dopey. (Int -2) [potion of
                  | mutation]
  6052 | D:5      | Lost mutation: You are dopey. (Int -2) [potion of mutation]
  6077 | D:5      | Killed Grinder
  6078 | D:5      | Reached skill level 7 in Fighting
  6078 | D:5      | Reached XP level 8. HP: 31/87 MP: 8/8
  6206 | D:5      | Reached skill level 5 in Dodging
  6688 | D:5      | Reached skill level 8 in Fighting
  7798 | D:6      | Reached XP level 9. HP: 60/96 MP: 9/9
  9451 | D:6      | Reached skill level 9 in Fighting
  9943 | D:6      | Found a white marble altar of Elyvilon.
 10717 | D:7      | Lost mutation: You have a pair of small horns on your head.
                  | [potion of mutation]
 10717 | D:7      | Gained mutation: Your spells are a little harder to cast,
                  | but a little more powerful. [potion of mutation]
 10717 | D:7      | Gained mutation: You are dopey. (Int -2) [potion of
                  | mutation]
 10717 | D:7      | Gained mutation: You are strong-willed. (Will+) [potion of
                  | mutation]
 10717 | D:7      | Gained mutation: Your flesh is heat resistant. (rF+)
                  | [potion of mutation]
 11053 | D:7      | Noticed a hornet
 11066 | D:7      | Killed a hornet
 11193 | D:7      | Found a runed translucent gate.
 11193 | D:7      | Found a runed translucent gate.
 11193 | D:7      | Found a runed translucent gate.
 11199 | D:7      | Found an opulent altar of Gozag.
 11438 | D:7      | Noticed bobregger's ghost (novice OgBe)
 11439 | D:7      | Noticed a boulder beetle
 12034 | D:8      | Reached XP level 10. HP: 81/110 MP: 10/10
 12048 | D:8      | Reached skill level 10 in Fighting
 12071 | D:8      | Slain by a yak

Illustrated notes

Levels and vault maps discovered:
D:1:      dpeg_cavernosity, layout_basic
D:2:      layout_loops_corners, minmay_misc_feat_more_columns, uniq_robin
D:3:      layout_rooms, serial_shops, nicolae_shop_window_shopping
D:4:      minmay_chambers_of_threes, layout_loops_cross,
          mainiacjoe_overflow_tiny_flanked, marbit_many_paths,
          minmay_temple_entry_offerings, serial_shops,
          nicolae_shop_bloodbath_and_beyond, grunt_decor_mini_mirrors,
          minmay_mini_jars, uniq_edmund
D:5:      layout_gridville, portal_sewer_entry_e, minivault_4,
          minmay_joined_circles, uniq_grinder
D:6:      layout_cave_pools, nicolae_elyvilon_temple_path, grunt_ministairs_12,
          minmay_misc_feat_hallway
D:7:      layout_cave_pools, ebering_ghost_gozag, minmay_strange_pillars,
          serial_bayou_crossing
D:8:      layout_cave_pods, mainiacjoe_overflow_surrounded_room,
          mainiacjoe_overflow_alcove_2

Skill      XL: |  1  2  3  4  5  6  7  8  9 10 |
---------------+-------------------------------+-----
Maces & Flails | 3 4 5 6 7 9 |  9.8
Dodging        | 3 4 5 6 7 |  7.1
Fighting       | 5 6 7 8 9 10 | 10.2

Action                   |  1- 3 |  4- 6 |  7- 9 | 10-12 || total
-------------------------+-------+-------+-------+-------++-------
Melee: Mace              |    79 |   188 |   477 |    22 ||   766
       Punch             |     2 |     2 |     3 |       ||     7
       Headbutt          |       |       |    44 |       ||    44
Invok: Berserk           |     1 |     5 |    16 |       ||    22
       Trog's Hand       |       |     1 |     5 |     2 ||     8
  Use: Potion            |       |       |     6 |     2 ||     8
Armor: Animal skin       |    42 |    39 |    94 |     1 ||   176
       Skin              |       |       |     5 |       ||     5
Dodge: Dodged            |    57 |    92 |   352 |    15 ||   516
